 Dungeon Crawl Stone Soup version bcrawl-1.19.2-6-g6a88ae04c9 (webtiles) character file.

Game seed: 5027915344298227145

46372 Freyura the Cruncher (level 14, -4/111 HPs)
             Began as a Demonspawn Gladiator on Jan 2, 2020.
             Was the Champion of Makhleb.
             Slain by a two-headed ogre
             ... wielding a +0 giant club
              (19 damage)
             ... in the Orcish Mines on Jan 3, 2020.
             The game lasted 01:14:55 (20361 turns).

Freyura the Cruncher (Demonspawn Gladiator)        Turns: 20361, Time: 01:14:55

Health: -4/111     AC: 19    Str: 19    XL:     14   Next: 4%
Magic:  23/23      EV: 25    Int: 11    God:    Makhleb [******]
Gold:   1083       SH:  0    Dex: 30    Spells: 13/13 levels left

rFire    . . .     SeeInvis +   a - +1 quarterstaff
rCold    + . .     Gourm    .   (shield currently unavailable)
rNeg     . . .     Faith    .   o - +5 ring mail of the Mutiny {SInv Stlth+}
rPois    .         Spirit   .   M - +1 hat {SInv}
rElec    .         Reflect  .   x - scarf {cloud immunity}
rCorr    .         Harm     .   v - +0 pair of gloves
MR       +....                  (boots unavailable)
Stlth    ++++......             z - amulet "Ziohuh" {+Rage rC+}
HPRegen  0.28/turn              t - +3 ring of protection
MPRegen  0.18/turn              p - +6 ring of dexterity

@: mighty, agile, drained
A: talons 3, iridescent scales 1, demonic guardian 2, powered by pain 1
a: Minor Destruction, Lesser Servant of Makhleb, Major Destruction, Greater
Servant of Makhleb, Renounce Religion, Evoke Berserk Rage


You were in the Orcish Mines.
You worshipped Makhleb.
Makhleb was exalted by your worship.
You were not hungry.

You visited 3 branches of the dungeon, and saw 16 of its levels.

You collected 1083 gold pieces.

Inventory:

Hand Weapons
 a - a +1 quarterstaff (weapon)
Missiles
 d - 9 throwing nets (quivered) {!f}
Armour
 o - the +5 ring mail of the Mutiny (worn) {SInv Stlth+}
   (You found it on level 1 of the Lair of Beasts)

   It lets you see invisible.
   It makes you more stealthy.
 v - a +0 pair of gloves (worn)
 x - a scarf of cloud immunity (worn)
 M - a +1 hat of see invisible (worn)
 N - a +0 scale mail of poison resistance
Jewellery
 h - a +3 ring of dexterity
 k - an uncursed ring of stealth
 m - an uncursed ring of see invisible
 p - a +6 ring of dexterity (right hand)
 s - an uncursed ring of protection from fire
 t - a +3 ring of protection (left hand)
 u - an uncursed ring of insulation
 z - the amulet "Ziohuh" (around neck) {+Rage rC+}
   (You found it on level 6 of the Dungeon)

   [amulet of rage]

   It protects you from cold.
   It lets you go berserk.
 C - an uncursed amulet of magic regeneration
 D - an uncursed amulet of the gourmand
 J - a cursed amulet of inaccuracy {unknown}
 Q - an uncursed ring of protection from cold
Wands
 c - a wand of enslavement (12)
 i - a wand of flame (17)
 y - a wand of polymorph (32)
 A - a wand of disintegration (5)
Scrolls
 g - 9 scrolls of teleportation
 j - 12 scrolls of identify
 l - 4 scrolls of magic mapping
 n - 3 scrolls of amnesia
 r - a scroll of blinking
 w - a scroll of immolation
 E - 3 scrolls of fog
 G - 2 scrolls of fear
 K - 5 scrolls of remove curse
 L - a scroll of enchant armour {unknown}
Potions
 b - a potion of curing
 e - a potion of ambrosia
 q - 2 potions of agility
 B - a potion of magic
 F - 2 potions of lignification
 H - 3 potions of haste
 I - a potion of cancellation
Comestibles
 f - 21 rations {!d}


   Skills:
 + Level 10.4(9.3) Fighting
 * Level 13.2(12.0) Staves
 - Level 1.7(0.8) Throwing
 + Level 9.3(8.2) Armour
 + Level 9.8(8.7) Dodging
 + Level 12.6(11.4) Invocations


You had 13 spell levels left.
You didn't know any spells.
Your spell library contained the following spells:

 Spells                   Type           Power        Failure   Level  Hunger
 Apportation              Tloc           #.....       50%         1    ##.....
 Summon Butterflies       Summ           #.......     50%         1    ##.....
 Ensorcelled Hibernation  Hex/Ice        #.....       63%         2    ###....
 Beckoning                Tloc           #.........   86%         3    ####...
 Recall                   Summ/Tloc      N/A          86%         3    ####...
 Tukima's Dance           Hex            #.......     86%         3    ####...
 Animate Dead             Necr           N/A          99%         4    #####..
 Borgnjor's Vile Clutch   Necr/Erth      #.........   100%        6    #######
 Darkness                 Hex            #.........   100%        6    #######
 Death Channel            Chrm/Necr      #.........   100%        6    #######
 Infestation              Hex/Tmut/Pois  #........    100%        6    #######
 Invisibility             Hex            #.......     100%        6    #######
 Shadow Creatures         Summ           N/A          100%        6    #######
 Simulacrum               Ice/Necr       #.........   100%        6    #######
 Time Stop                Chrm/Tloc      N/A          100%        8    #######


Dungeon Overview and Level Annotations

Branches:
Dungeon (10/12)            Temple (0/1) D:7            Lair (5/6) D:9
  Swamp (0/3) Lair:4        Snake (0/3) Lair:4        Slime (0/5) Lair:5
    Orc (1/1) D:8             Elf (0/3) Orc

Altars:
Dithmenos
Elyvilon
Kikubaaqudgha
Lugonu
Makhleb
Qazlal
Sif Muna
Trog
Zin
The Shining One
Beogh
Jiyva

Shops:
D:9 %   Orc =%=([

Annotations:
Lair:5 exclusion: oklob plant


Innate Abilities, Weirdness & Mutations

You have claws for feet.
You are partially covered in iridescent scales. (AC +2)
A demonic guardian rushes to your aid.
You sometimes gain a little power by taking damage.


Message History

The ogre mage misses you.
The orc wizard mumbles some strange words.
The orc wizard blinks!
The orc warlord hits you but does no damage.
You feel drained.
The orc warlord hits your soul eater with a +0 war axe of draining.
The orc warlord blocks your soul eater's attack.
The warg bites you!
* * * LOW HITPOINT WARNING * * *
The ogre misses you.
An ogre comes into view. It is wielding a +0 giant spiked club.
The warg completely misses you.
The ogre mage hits you but does no damage.
The orc warlord closely misses your soul eater.
The ogre hits your soul eater with a +0 giant spiked club.
The ogre shouts!
The orc no longer looks unusually strong.
The orc hits your soul eater with a +0 trident.
The two-headed ogre hits you with a +0 giant club!!
You die...

..................#........#..#
..................#........#..#
..................#........#..#
.................#........#..#
.........)).....#........#).#
.....)o.........∩∩...)..###
......oo........∩∩...)..##.
......oo3O..#........#..##.
......oO.O@.#........#..###
.......oh...#........#..# #
............#........#..#
............#........#..#
....>.o.....##......##..#
............##......# ..#
...........O# .............


You could see an orc warlord, a two-headed ogre, an ogre mage, a warg, an orc
warrior, 2 ogres, an orc wizard, 5 orcs and a friendly soul eater.

Vanquished Creatures
  The ghost of Mrkan the Fighter, a journeyman HOFi of Makhleb (Lair:4)
  2 hydras
  Psyche (D:10)
  8 two-headed ogres (Orc)
  2 ogre magi (Orc)
  A tengu warrior (D:10)
  2 death yaks (Lair:4)
  An orc sorcerer (Orc)
  An ugly thing (D:9)
  An elephant (Lair:4)
  3 black mambas
  A gargoyle (D:9)
  A torpor snail (Lair:4)
  4 cane toads
  7 komodo dragons
  A hornet (D:8)
  4 blink frogs
  A bog body (Lair:4)
  5 hippogriffs
  3 wyverns
  30 yaks
  Eustachio (D:5)
  A fire elemental (Lair:5)
  3 basilisks
  3 hungry ghosts
  A warg (Orc)
  10 crocodiles
  3 nagas (Lair:4)
  A soldier ant (D:8)
  5 water moccasins
  2 swamp worms (Lair:4)
  Duvessa (D:5)
  7 porcupines
  5 ice beasts
  4 sky beasts
  2 black bears (D:9)
  11 ogres
  11 orc warriors
  A necrophage (D:7)
  7 wolves
  2 centaurs
  7 bullfrogs
  A gnoll sergeant (D:6)
  Dowan (D:5)
  A water moccasin skeleton (D:6)
  3 scorpions
  2 killer bees (D:9)
  A wight (D:6)
  3 howler monkeys
  3 electric eels
  A bullfrog zombie (D:5)
  5 crimson imps
  9 orc priests
  5 bullfrog skeletons
  A quasit (D:8)
  4 centaur skeletons
  8 hounds
  4 iguanas
  9 orc wizards
  5 worker ants
  A centaur simulacrum (D:7)
  2 hound skeletons (D:4)
  A killer bee simulacrum (D:7)
  Robin (D:3)
  6 gnolls
  12 adders
  A shadow imp (D:5)
  A white imp (D:7)
  2 adder skeletons
  2 dart slugs
  A worm (D:4)
  2 leopard geckos
  44 orcs
  4 hobgoblins
  3 jackals (D:1)
  3 quokkas
  4 bats
  A frilled lizard (D:3)
  20 goblins
  18 kobolds
  2 rats
  2 bushes (Lair:1)
  A plant (Lair:1)
368 creatures vanquished.

Vanquished Creatures (collateral kills)
  Gastronok (D:10)
  A minotaur (Lair:1)
  Snorg (Orc)
  An ogre mage (Orc)
  The ghost of Mrkan the Cleaver, a journeyman MiFi of Okawaru (Lair:1)
  Harold (Lair:4)
  A hydra (Lair:4)
  A catoblepas (Lair:1)
  6 two-headed ogres
  The ghost of JackS81 the Destroyer, a novice HORe of Vehumet (D:7)
  An alligator (Lair:1)
  2 death yaks (Lair:4)
  Sonja (Lair:1)
  A cyclops (D:10)
  An ugly thing (D:8)
  3 elephants (Lair:4)
  A cane toad (Lair:5)
  2 komodo dragons
  A tengu conjurer (D:10)
  A troll (D:9)
  A hornet (D:9)
  A polar bear (Lair:4)
  A blink frog (Lair:2)
  A hippogriff (D:8)
  34 yaks
  A warg (Orc)
  A swamp worm (Lair:4)
  3 crocodiles
  A porcupine (Lair:2)
  An orc warrior (D:8)
  A water moccasin (Lair:1)
  An ice beast (D:7)
  3 phantoms
  3 wolves
  17 ogres
  2 big kobolds
  A killer bee (D:9)
  3 wights (D:6)
  2 hounds
  An orc wizard (Orc)
  A howler monkey zombie (D:6)
  A gnoll (D:6)
  An adder (D:6)
  2 white imps (D:7)
  An adder skeleton (D:6)
  10 orcs
  2 kobolds (D:9)
126 creatures vanquished.

Vanquished Creatures (others)
  An orc wizard (Orc)
  14 fungi
  29 plants
44 creatures vanquished.

Grand Total: 538 creatures vanquished

Notes
Turn   | Place    | Note
-------+----------+-------------------------------------------
     0 | D:1      | Freyura the Demonspawn Gladiator began the quest for the
                  | Orb.
     0 | D:1      | Reached XP level 1. HP: 16/16 MP: 1/1
   300 | D:1      | Gained mutation: A weak demonic guardian rushes to your
                  | aid. [demonic ancestry]
   300 | D:1      | Reached XP level 2. HP: 15/22 MP: 2/2
   402 | D:1      | Reached skill level 3 in Staves
  1161 | D:1      | Found a glowing golden altar of the Shining One.
  1517 | D:2      | Gained mutation: You have sharp toenails. [demonic
                  | ancestry]
  1517 | D:2      | Reached XP level 3. HP: 28/28 MP: 3/3
  1653 | D:3      | Reached skill level 1 in Armour
  1723 | D:3      | Gained mutation: You sometimes gain a little power by
                  | taking damage. [demonic ancestry]
  1723 | D:3      | Reached XP level 4. HP: 34/34 MP: 4/4
  1842 | D:3      | Found a burning altar of Makhleb.
  1993 | D:3      | Became a worshipper of Makhleb the Destroyer
  2081 | D:3      | Gained mutation: A demonic guardian rushes to your aid.
                  | [demonic ancestry]
  2081 | D:3      | Reached XP level 5. HP: 36/40 MP: 5/5
  2121 | D:3      | Reached skill level 4 in Staves
  2407 | D:3      | Reached skill level 1 in Invocations
  2541 | D:3      | Noticed Robin
  2551 | D:3      | Killed Robin
  2556 | D:3      | Reached * piety under Makhleb
  3023 | D:4      | Gained mutation: You are partially covered in iridescent
                  | scales. (AC +2) [demonic ancestry]
  3023 | D:4      | Reached XP level 6. HP: 45/47 MP: 7/7
  3072 | D:4      | Found a stormy altar of Qazlal.
  3383 | D:4      | Reached XP level 7. HP: 42/52 MP: 7/9
  3468 | D:4      | Found a shimmering blue altar of Sif Muna.
  3499 | D:4      | Reached skill level 5 in Staves
  4025 | D:4      | Reached ** piety under Makhleb
  4227 | D:5      | Entered Level 5 of the Dungeon
  4261 | D:5      | Noticed a hungry ghost
  4275 | D:5      | Killed a hungry ghost
  4486 | D:5      | Gained mutation: You have razor-sharp toenails. [demonic
                  | ancestry]
  4486 | D:5      | Reached XP level 8. HP: 37/60 MP: 9/11
  4650 | D:5      | Reached skill level 6 in Staves
  4718 | D:5      | Found a white marble altar of Elyvilon.
  4873 | D:5      | Found a glowing silver altar of Zin.
  4873 | D:5      | Found a faded altar of an unknown god.
  4878 | D:5      | Found a faded altar of an unknown god.
  4880 | D:5      | Found an ancient bone altar of Kikubaaqudgha.
  4881 | D:5      | Found a bloodstained altar of Trog.
  4973 | D:5      | Noticed Dowan
  4974 | D:5      | Noticed Duvessa
  4984 | D:5      | Killed Duvessa
  4992 | D:5      | Noticed Eustachio
  4993 | D:5      | Killed Dowan
  5001 | D:5      | Killed Eustachio
  5388 | D:6      | Got a brightly glowing sapphire amulet
  5391 | D:6      | Identified the amulet "Ziohuh" {+Rage rC+} (You found it on
                  | level 6 of the Dungeon)
  5580 | D:6      | Reached skill level 5 in Invocations
  5581 | D:6      | Reached skill level 5 in Dodging
  5581 | D:6      | Reached skill level 5 in Fighting
  5710 | D:6      | Reached skill level 7 in Staves
  5710 | D:6      | Reached XP level 9. HP: 66/68 MP: 11/13
  6295 | D:6      | Reached *** piety under Makhleb
  6527 | D:6      | Noticed a two-headed ogre
  6536 | D:6      | Killed a two-headed ogre
  7001 | D:7      | Found a staircase to the Ecumenical Temple.
  7046 | D:7      | Found a corrupted altar of Lugonu.
  7060 | D:7      | Reached skill level 8 in Staves
  7060 | D:7      | Reached skill level 5 in Armour
  7074 | D:7      | Found a runed translucent gate.
  7074 | D:7      | Found a runed translucent gate.
  7074 | D:7      | Found a runed translucent gate.
  7601 | D:7      | Noticed JackS81's ghost (novice HORe)
  8158 | D:7      | Killed JackS81's ghost
  8158 | D:7      | Reached XP level 10. HP: 27/76 MP: 15/15
  8691 | D:8      | Noticed a cyan ugly thing
  8704 | D:8      | Killed a cyan ugly thing
  8768 | D:8      | Reached skill level 9 in Staves
  9098 | D:8      | Reached **** piety under Makhleb
  9132 | D:8      | Identified the +7 dagger "Sawauf Maga" {elec, +Inv}
  9340 | D:8      | Found a roughly hewn altar of Beogh.
  9340 | D:8      | Found a staircase to the Orcish Mines.
  9436 | D:8      | Found a shadowy altar of Dithmenos.
 10055 | D:9      | Noticed a gargoyle
 10068 | D:9      | Reached ***** piety under Makhleb
 10080 | D:9      | Killed a gargoyle
 10213 | D:9      | Reached XP level 11. HP: 65/84 MP: 17/17
 10222 | D:9      | HP: 4/84 [orc warrior/+0 scimitar of protection (19)]
 10430 | D:9      | Noticed a cyan ugly thing
 10455 | D:9      | Killed a cyan ugly thing
 10712 | D:9      | Found a staircase to the Lair.
 10866 | D:9      | Found Beus's Food Boutique.
 10985 | D:10     | Entered Level 10 of the Dungeon
 11017 | D:10     | Noticed a tengu warrior
 11041 | D:10     | Killed a tengu warrior
 11238 | D:10     | Reached skill level 10 in Staves
 11370 | D:10     | Noticed Gastronok
 11380 | D:10     | Killed Gastronok
 11404 | D:10     | Noticed a cyclops
 11417 | D:10     | Killed a cyclops
 11585 | D:10     | Noticed Psyche
 11619 | D:10     | Killed Psyche
 12247 | Lair:1   | Entered Level 1 of the Lair of Beasts
 12247 | Lair:1   | Noticed Sonja
 12256 | Lair:1   | Killed Sonja
 12378 | Lair:1   | Got a brightly glowing ring mail
 12379 | Lair:1   | Identified the +5 ring mail of the Mutiny {SInv Stlth+}
                  | (You found it on level 1 of the Lair of Beasts)
 12384 | Lair:1   | Noticed a catoblepas
 12393 | Lair:1   | Killed a catoblepas
 12472 | Lair:1   | Found a runed translucent gate.
 12472 | Lair:1   | Found a runed translucent gate.
 12472 | Lair:1   | Found a runed translucent gate.
 12558 | Lair:1   | Noticed a seven-headed hydra
 12566 | Lair:1   | Killed a seven-headed hydra
 12638 | Lair:1   | Noticed an alligator
 12646 | Lair:1   | Killed an alligator
 12656 | Lair:1   | Reached skill level 10 in Invocations
 12946 | Lair:1   | Gained mutation: You have claws for feet. [demonic
                  | ancestry]
 12946 | Lair:1   | Reached XP level 12. HP: 94/94 MP: 19/19
 13086 | Lair:1   | Reached skill level 11 in Staves
 13164 | Lair:1   | Noticed a minotaur
 13164 | Lair:1   | Noticed Mrkan's ghost (journeyman MiFi)
 13235 | Lair:1   | Killed Mrkan's ghost
 13270 | Lair:1   | Killed a minotaur
 13783 | Lair:1   | Got a slimy hand crossbow
 15209 | Lair:3   | Noticed a seven-headed hydra
 15222 | Lair:3   | Killed a seven-headed hydra
 15616 | Lair:3   | Reached ****** piety under Makhleb
 16237 | Lair:4   | Reached skill level 12 in Staves
 16249 | Lair:4   | Noticed Harold
 16288 | Lair:4   | Killed Harold
 16508 | Lair:4   | Reached XP level 13. HP: 99/101 MP: 21/21
 16524 | Lair:4   | Found a staircase to the Snake Pit.
 16791 | Lair:4   | Noticed Mrkan's ghost (journeyman HOFi)
 16855 | Lair:4   | Found a runed translucent gate.
 16856 | Lair:4   | Found a runed translucent gate.
 16857 | Lair:4   | Found a runed translucent gate.
 17430 | Lair:4   | Found a staircase to the Swamp.
 17677 | Lair:4   | Killed Mrkan's ghost
 17915 | Lair:5   | Found a viscous altar of Jiyva.
 17916 | Lair:5   | Found a staircase to the Slime Pits.
 18465 | Lair:5   | Reached skill level 10 in Fighting
 19320 | Orc      | Entered the Orcish Mines
 19757 | Orc      | Paralysed by an orc sorcerer for 2 turns
 19867 | Orc      | Noticed Snorg
 19870 | Orc      | Found a roughly hewn altar of Beogh.
 19877 | Orc      | Killed Snorg
 20095 | Orc      | Found Bitt's Jewellery Shop.
 20163 | Orc      | Reached skill level 13 in Staves
 20315 | Orc      | Reached XP level 14. HP: 111/111 MP: 23/23
 20316 | Orc      | Found Ykkarus's Weapon Shop.
 20316 | Orc      | Found Doisuasaps's Food Emporium.
 20316 | Orc      | Found Ciatoufoj's Armour Shoppe.
 20316 | Orc      | Found Orriroij's Jewellery Shop.
 20336 | Orc      | Found a staircase to the Elven Halls.
 20339 | Orc      | Noticed an orc warlord
 20356 | Orc      | Paralysed by an ogre mage for 2 turns
 20361 | Orc      | Slain by a two-headed ogre

Skill      XL: |  1  2  3  4  5  6  7  8  9 10 11 12 13 |
---------------+----------------------------------------+-----
Staves         | 3 4 5 7 8 9 10 12 13 | 13.2
Armour         | 1 2 3 4 5 6 7 8 9 |  9.3
Dodging        | 3 4 5 6 7 8 9 |  9.8
Fighting       | 3 4 5 6 7 8 9 10 | 10.4
Invocations    | 1 2 4 5 7 8 10 11 12 | 12.6
Throwing       | |  1.7

Action                   |  1- 3 |  4- 6 |  7- 9 | 10-12 | 13-15 || total
-------------------------+-------+-------+-------+-------+-------++-------
Melee: Quarterstaff      |    78 |   155 |   341 |   885 |   447 ||  1906
       Kick              |     3 |    47 |   145 |   485 |   233 ||   913
Invok: Lesser Servant of |       |       |       |     4 |     6 ||    10
  Use: Scroll            |       |     6 |    12 |     7 |       ||    25
       Potion            |       |       |     3 |     8 |       ||    11
 Stab: Sleeping          |     2 |     3 |       |     1 |     1 ||     7
       Distracted        |       |       |       |     7 |     8 ||    15
  Eat: Chunk             |     3 |     4 |    13 |    22 |     3 ||    45
       Ration            |       |       |     3 |     1 |     3 ||     7
Armor: Leather armour    |    31 |    17 |       |       |       ||    48
       Scale mail        |       |    22 |   104 |   102 |       ||   228
       Chain mail        |       |       |       |   131 |       ||   131
       Ring mail         |       |       |       |    20 |    84 ||   104
Dodge: Dodged            |    54 |    98 |   177 |   498 |   351 ||  1178
